 Dungeon Crawl Stone Soup version 0.30-a0-585-g93115170b9 (webtiles) character file.

Game seed: 172700108265814518

27815 wormed the Basher (level 13, -3/60 (70) HPs)
             Began as a Vine Stalker Berserker on Jan 2, 2023.
             Was a High Priest of Trog.
             Slain by a hell rat (7 damage)
             ... on level 5 of the Lair of Beasts.
             The game lasted 00:14:14 (10442 turns).

wormed the Basher (Vine Stalker Berserker)         Turns: 10442, Time: 00:14:15

HP:   -3/60 (70)    AC: 18    Str: 24    XL:     13   Next: 34%
MP:   0/14          EV: 14    Int:  9    God:    Trog [*****.]
Gold: 697           SH: 11    Dex: 15    Spells: 12/12 levels left

rFire   . . .      SeeInvis +    G - -2 demon whip (venom)
rCold   . . .      Faith    .    k - +0 kite shield
rNeg    . . .      Spirit   +    q - +0 leather armour
rPois   .          Reflect  .    K - +3 crown of Dyrovepreva {rElec Int+2 SInv}
rElec   +          Harm     .    C - +2 cloak {Will+}
rCorr   .          Rampage  .    j - +0 pair of gloves
Will    +++..                    d - +1 pair of boots
Stlth   +                        B - amulet of regeneration
HPRegen 1.90/turn                x - +4 ring of protection
MPRegen 0.14/turn                m - ring of willpower

@: about to teleport, frozen, on berserk cooldown, slowed, heavily drained, very
slow
A: fangs 3, regeneration 1, magic shield, antimagic bite, no potion heal 2
a: Renounce Religion, Berserk, Trog's Hand, Brothers in Arms


You were on level 5 of the Lair of Beasts.
You worshipped Trog.
Trog was extremely pleased with you.
You visited 2 branches of the dungeon, and saw 15 of its levels.

You collected 697 gold pieces.

Inventory:

Hand Weapons
 n - the +10 mace of Reogg {freeze, Will+}
   (You found it on level 2 of the Dungeon)

   It freezes those it strikes, dealing additional cold damage.
   It can also slow down cold-blooded creatures.
   Will:      It increases your willpower.
 G - a -2 demon whip of venom (weapon)
Armour
 d - a +1 pair of boots (worn)
 j - a +0 pair of gloves (worn)
 k - a +0 kite shield (worn)
 q - a +0 leather armour (worn)
 C - a +2 cloak of willpower (worn)
 K - the +3 crown of Dyrovepreva (worn) {rElec Int+2 SInv}
   (You found it on level 3 of the Lair of Beasts)

   Int:       It affects your intelligence (+2).
   rElec:     It insulates you from electricity.
   SInv:      It lets you see invisible.
Jewellery
 m - a ring of willpower (right hand)
 o - a ring of flight
 p - a ring of resist corrosion
 s - a ring of protection from cold
 x - a +4 ring of protection (left hand)
 y - a +4 ring of protection
 z - a +6 ring of dexterity
 B - an amulet of regeneration (around neck)
Wands
 h - a wand of flame (39)
 l - a wand of paralysis (7)
 A - a wand of light (6)
 M - a wand of polymorph (5)
Scrolls
 b - 5 scrolls of teleportation
 c - a scroll of noise {unknown}
 t - 2 scrolls of enchant weapon
 F - 2 scrolls of fear
 J - a scroll of identify
 L - a scroll of enchant armour
 N - a scroll of fog {unknown}
 O - a scroll of poison {unknown}
Potions
 a - a potion of invisibility
 e - 7 potions of curing
 f - 3 potions of mutation
 g - 3 potions of lignification
 i - a potion of berserk rage
 r - 6 potions of brilliance {unknown}
 u - 2 potions of resistance
 v - 4 potions of cancellation {unknown}
 w - a potion of might {unknown}
 D - a potion of magic {unknown}
 E - 3 potions of haste {unknown}
 H - 3 potions of attraction {unknown}
 I - a potion of ambrosia {unknown}


   Skills:
 + Level 9.1 Fighting
 - Level 12.0 Maces & Flails
 + Level 8.0 Armour
 + Level 8.1 Dodging
 + Level 8.5 Shields


You had 12 spell levels left.
You didn't know any spells.
Your spell library was empty.

Dungeon Overview and Level Annotations

Branches:
Dungeon (10/15)            Temple (0/1) D:4            Lair (5/5) D:9
 Shoals (0/4) Lair:2        Snake (0/4) Lair:2        Slime (0/5) Lair:4
    Orc: D:9-12

Altars:
Cheibriados
Elyvilon
Gozag
Hepliaklqana
Kikubaaqudgha
Okawaru
Qazlal
Ru
Sif Muna
Uskayaw
Wu Jian
The Shining One
Jiyva

Annotations:
D:6 2 transporters


Innate Abilities, Weirdness & Mutations

You have razor-sharp teeth.
Your natural rate of healing is unusually fast.
When hurt, damage is shared between your health and your magic reserves.
Your bite disrupts and absorbs the magic of your enemies.
Potions cannot restore your health.


Message History

The hell rat bites you but does no damage.
You hit the hell rat but do no damage.
The hell rat looks as sick as possible!
Your bite misses the hell rat.
The hell rat is lightly wounded.
You block the rime drake's attack.
The hell rat bites you but does no damage.
The water moccasin closely misses you. The hell rat barely misses you. x2
The hell rat bites you but does no damage.
The hell rat closely misses you.
A dream sheep comes into view.
The dream sheep bleats!
You hit the hell rat. You bite the hell rat. You drain its power.
The hell rat is heavily wounded.
You hear a bleat!
The rime drake bites you but does no damage.
The blink frog blinks!
You block the water moccasin's attack. The hell rat barely misses you.
The hell rat bites you!
You feel drained. The hell rat bites you.
You feel drained. You block the hell rat's attack.
The hell rat barely misses you.
The dream sheep shake their wool and sparkle.
You feel drowsy...
You fall asleep.
The rime drake bites you but does no damage.
The ice encasing you melts away. The water moccasin bites you.
You wake up.
You block the hell rat's attack. The hell rat closely misses you.
The hell rat bites you!
* * * LOW HITPOINT WARNING * * *
The hell rat barely misses you.
The hell rat bites you but does no damage.
The water moccasin bites you but does no damage.
The rime drake breathes ice at you. The icy flash freeze hits you!
* * * LOW HITPOINT WARNING * * *
You are encased in ice.
As you read the scroll of teleportation, it crumbles to dust.
You feel strangely unstable. You block the hell rat's attack.
The hell rat bites you but does no damage. x2
You block the hell rat's attack. The hell rat bites you!
* * * LOW HITPOINT WARNING * * *
You feel drained.
You die...

..............P
................
..?.........Y...
.......((......
........P.l....
..P....r(Y..#
......rrS...#
.8....r@kF..#.#.
......r.r.......
................
................
8...............
..###...........
. ##.......F.#
#.......##.
##......#


You could see a komodo dragon, 2 blink frogs, a rime drake (catching breath), a
water moccasin, 2 dream sheep and 6 hell rats.

Vanquished Creatures
  A hydra (Lair:4)
  A catoblepas (Lair:3)
  6 death yaks
  A two-headed ogre (D:10)
  Amaemon (Lair:2)
  Pikel (D:9)
  A merfolk siren (Lair:2)
  Maurice (D:9)
  9 elephants
  An orange demon (Lair:2)
  3 black mambas
  A torpor snail (Lair:2)
  6 cane toads
  A rime drake (Lair:2)
  5 komodo dragons
  3 polar bears (Lair:3)
  Prince Ribbit (D:9)
  4 blink frogs (Lair:4)
  6 dream sheep (Lair:4)
  A slime creature (Lair:4)
  A fire elemental (Lair:3)
  3 wyverns
  A basilisk (Lair:2)
  4 fire bats (Lair:3)
  17 yaks
  A steam dragon (D:8)
  13 water moccasins
  2 orc warriors
  2 ice beasts (D:7)
  A black bear (Lair:3)
  20 wolves
  2 centaurs
  4 lemures (D:9)
  2 phantoms
  3 kobold brigands
  5 bullfrogs
  Blork the orc (D:5)
  4 necrophages
  4 scorpions
  4 wights (D:7)
  3 killer bees (D:8)
  3 electric eels (Lair:3)
  4 howler monkeys
  A gnoll bouda (D:5)
  5 jellies
  5 hounds
  7 orc priests
  3 hell rats (D:9)
  8 iguanas
  8 orc wizards
  4 gnolls (D:7)
  7 adders
  A river rat (D:9)
  A shadow imp (D:8)
  A worm (D:3)
  5 dart slugs
  19 orcs
  8 ball pythons
  5 endoplasms
  A giant cockroach (D:4)
  12 hobgoblins
  2 jackals (D:1)
  A quokka (D:3)
  2 bats
  2 frilled lizards
  3 goblins
  14 kobolds
  6 rats
289 creatures vanquished.

Vanquished Creatures (others)
  A kobold brigand (D:6)
  11 fungi
  77 plants
89 creatures vanquished.

Grand Total: 378 creatures vanquished

Notes
Turn   | Place    | Note
-------+----------+-------------------------------------------
     0 | D:1      | wormed the Vine Stalker Berserker began the quest for the
                  | Orb.
     0 | D:1      | Reached XP level 1. HP: 11/11 MP: 2/2
   124 | D:1      | Found a faded altar of an unknown god.
   133 | D:1      | Reached XP level 2. HP: 16/16 MP: 3/3
   266 | D:1      | Reached skill level 3 in Maces & Flails
   790 | D:2      | Identified the +10 mace of Reogg {freeze, Will+}
   809 | D:2      | Reached XP level 3. HP: 19/19 MP: 4/4
   839 | D:2      | You fall into a shaft and drop 1 floor!
   949 | D:3      | Reached ** piety under Trog
  1037 | D:3      | Reached skill level 1 in Shields
  1079 | D:3      | Found a shimmering blue altar of Sif Muna.
  1107 | D:3      | Gained mutation: Your natural rate of healing is unusually
                  | fast. [Vine Stalker growth]
  1107 | D:3      | Reached XP level 4. HP: 16/24 MP: 3/5
  1306 | D:3      | Found a snail-covered altar of Cheibriados.
  1866 | D:2      | Found an iron altar of Okawaru.
  2044 | D:2      | Reached XP level 5. HP: 28/28 MP: 6/6
  2364 | D:4      | Noticed a +0 spear
  2364 | D:4      | Noticed a +0 falchion
  2364 | D:4      | Noticed a +0 short sword
  2364 | D:4      | Noticed a +0 dagger
  2366 | D:4      | Noticed a +0 spear
  2367 | D:4      | Noticed a +0 dagger
  2367 | D:4      | Noticed a +0 falchion
  2367 | D:4      | Noticed a +0 short sword
  2457 | D:4      | Found a hide-covered altar of Uskayaw.
  2517 | D:4      | Found a staircase to the Ecumenical Temple.
  2807 | D:5      | Entered Level 5 of the Dungeon
  2867 | D:5      | Reached skill level 4 in Maces & Flails
  2867 | D:5      | Reached XP level 6. HP: 32/32 MP: 5/7
  2975 | D:5      | Noticed Blork the orc
  2977 | D:5      | Killed Blork the orc
  3136 | D:5      | Reached *** piety under Trog
  3145 | D:5      | Reached XP level 7. HP: 34/37 MP: 8/8
  3228 | D:5      | Reached skill level 5 in Maces & Flails
  3365 | D:5      | Gained mutation: You have razor-sharp teeth. [Vine Stalker
                  | growth]
  3365 | D:5      | Reached XP level 8. HP: 41/42 MP: 9/9
  3761 | D:6      | Identified the +1 trident of Gaapsa {venom, rPois}
  3761 | D:6      | Identified the +0 kite shield of Sophism {Contam Str+2
                  | Int+8}
  3787 | D:6      | Found a transporter.
  3800 | D:6      | Found an ancient bone altar of Kikubaaqudgha.
  3911 | D:6      | Found a transporter.
  3929 | D:6      | Found an opulent altar of Gozag.
  3973 | D:6      | Identified the ring "Bulibur" {rElec Will- MP-9 Str+6
                  | Dex+10}
  4235 | D:7      | Found a white marble altar of Elyvilon.
  4285 | D:7      | Reached skill level 6 in Maces & Flails
  4391 | D:7      | Reached XP level 9. HP: 33/46 MP: 10/10
  4401 | D:7      | Reached skill level 5 in Fighting
  4453 | D:7      | Reached **** piety under Trog
  4508 | D:7      | Reached skill level 7 in Maces & Flails
  4592 | D:7      | Found a sacrificial altar of Ru.
  5152 | D:8      | Reached skill level 5 in Dodging
  5152 | D:8      | Reached skill level 5 in Shields
  5152 | D:8      | Reached XP level 10. HP: 33/53 MP: 4/11
  5490 | D:9      | Noticed a death yak
  5490 | D:9      | Noticed a death yak
  5492 | D:9      | Noticed a death yak
  5499 | D:9      | Reached skill level 8 in Maces & Flails
  5501 | D:9      | Killed a death yak
  5502 | D:9      | Reached skill level 5 in Armour
  5505 | D:9      | Killed a death yak
  5511 | D:9      | Killed a death yak
  5538 | D:9      | Found a staircase to the Lair.
  5813 | D:9      | Noticed Pikel
  5833 | D:9      | Killed Pikel
  5834 | D:9      | Reached skill level 9 in Maces & Flails
  5874 | D:9      | Noticed Maurice
  5883 | D:9      | Killed Maurice
  6095 | D:9      | Reached XP level 11. HP: 47/58 MP: 7/12
  6155 | D:9      | Found a glowing golden altar of the Shining One.
  6165 | D:9      | Reached ***** piety under Trog
  6190 | D:9      | Found an ornate altar of the Wu Jian Council.
  6190 | D:9      | Noticed Prince Ribbit
  6201 | D:9      | Killed Prince Ribbit
  6220 | D:9      | Found a stormy altar of Qazlal.
  6224 | D:9      | Found a hazy altar of Hepliaklqana.
  6449 | D:10     | Entered Level 10 of the Dungeon
  6449 | D:10     | Noticed a two-headed ogre
  6455 | D:10     | Killed a two-headed ogre
  6472 | Lair:1   | Entered Level 1 of the Lair of Beasts
  6903 | Lair:1   | Reached skill level 10 in Maces & Flails
  7359 | Lair:2   | Found a staircase to the Shoals.
  7485 | Lair:2   | Reached XP level 12. HP: 63/63 MP: 13/13
  7581 | Lair:2   | Noticed Amaemon
  7592 | Lair:2   | Killed Amaemon
  7807 | Lair:2   | Found a staircase to the Snake Pit.
  8010 | Lair:2   | Reached skill level 11 in Maces & Flails
  8270 | Lair:3   | Noticed a catoblepas
  8296 | Lair:3   | Killed a catoblepas
  8612 | Lair:3   | Noticed a death yak
  8612 | Lair:3   | Noticed a death yak
  8613 | Lair:3   | Noticed a death yak
  8635 | Lair:3   | Killed a death yak
  8642 | Lair:3   | Killed a death yak
  8655 | Lair:3   | Killed a death yak
  8711 | Lair:3   | Found a sacrificial altar of Ru.
  8760 | Lair:3   | Found the +3 crown of Dyrovepreva {rElec Int+2 SInv}
  9282 | Lair:4   | Reached XP level 13. HP: 66/69 MP: 14/14
  9400 | Lair:4   | Reached skill level 12 in Maces & Flails
  9425 | Lair:4   | Found a staircase to the Slime Pits.
  9425 | Lair:4   | Found a viscous altar of Jiyva.
  9896 | Lair:4   | Identified the +9 flail of Daten {vamp, Int+3}
 10387 | Lair:5   | Entered Level 5 of the Lair of Beasts
 10442 | Lair:5   | Slain by a hell rat

Illustrated notes

Levels and vault maps discovered:
D:1:      spicycebolla_arrival_risky_transporter, layout_rooms,
          ebering_ecumenical_altar_mist
D:2:      layout_rooms, basic_altar
D:3:      layout_loops_corners, mainiacjoe_overflow_concentric_impassable,
          kennysheep_slug_shrine, minmay_goblin_kobold_house
D:4:      layout_basic, nicolae_uskayaw_en_pointe, minmay_temple_entry_trees
D:5:      layout_loops_ring, kennysheep_flooded_box, hex_tiny, minmay_pentangle,
          uniq_blork_the_orc
D:6:      layout_cave_pools, nicolae_gozag_cash_rules_everything_around_me,
          nicolae_kikubaaqudgha_miasma_corner, gammafunk_ghost_gnarly_gnolls
D:7:      layout_cave_pools, nicolae_ru_awakened_eye, elyvilon_altar_1,
          serial_column_ruins, column_ruins_square_huge, column_ruins_hut,
          column_ruins_open_tiny_water, column_ruins_grid_4,
          column_ruins_open_small, column_ruins_open_small, column_ruins_grid_1
D:8:      layout_cave_pools
D:9:      layout_stronghold, old_standard_altar, grunt_temple_overflow_open,
          dpeg_lair_monsters, uniq_pikel, uniq_maurice, uniq_prince_ribbit1
D:10:     layout_rooms, fiery_altar_vehumet, orc_david_3,
          dreamdust_mushroom_princess, minmay_orc_keep
Lair:1:   layout_regular_city, columned_hall_lemuel, serial_bayou_pond_d
Lair:2:   nzn_winding_woodlands_small [nzn_winding_woodlands_5x15_twine,
          nzn_winding_woodlands_center_diamonds,
          nzn_winding_woodlands_5x15_jagged], layout_loops_ring,
          minmay_shoals_entry_lonely_mermaid, serial_forest,
          infiniplex_forest_end_1, infiniplex_forest_straight_1,
          infiniplex_forest_clump_small, infiniplex_forest_end_double,
          infiniplex_forest_join, infiniplex_forest_split, uniq_amaemon
Lair:3:   layout_gridlike, basic_altar
Lair:4:   layout_cave_pods, minmay_slime_entry_pillars
Lair:5:   evilmike_catoblepas_cave, layout_hall_layers, lemuel_fruit_fields,
          lemuel_fruit_tree

Skill      XL: |  1  2  3  4  5  6  7  8  9 10 11 12 13 |
---------------+----------------------------------------+-----
Maces & Flails | 3 4 5 6 7 9 10 11 12 | 12.0
Shields        | 1 2 3 4 5 7 8 |  8.5
Fighting       | 3 4 5 6 7 8 9 |  9.1
Armour         | 2 3 4 5 6 7 8 |  8.0
Dodging        | 2 3 4 5 6 7 8 |  8.1

Action                   |  1- 3 |  4- 6 |  7- 9 | 10-12 | 13-15 || total
-------------------------+-------+-------+-------+-------+-------++-------
Melee: Whip              |    53 |       |       |       |       ||    53
       Mace              |    25 |    85 |   157 |   266 |       ||   533
       Bite              |    20 |    16 |    43 |   186 |    51 ||   316
       Punch             |     1 |       |     2 |       |       ||     3
       Demon whip        |       |       |       |   264 |   140 ||   404
Invok: Berserk           |       |       |     1 |     4 |     1 ||     6
       Trog's Hand       |       |       |     1 |     1 |       ||     2
  Use: Scroll            |     6 |     2 |     4 |     5 |     1 ||    18
 Stab: Distracted        |       |     1 |       |       |       ||     1
       Sleeping          |       |       |       |     1 |       ||     1
Armor: Animal skin       |    10 |       |       |       |       ||    10
       Ring mail         |     6 |       |       |       |       ||     6
       Leather armour    |     2 |    28 |    48 |   215 |    78 ||   371
Dodge: Dodged            |    43 |    36 |    87 |   238 |   127 ||   531
Block: Kite shield       |       |       |    51 |   265 |   113 ||   429

Table legend: (Time is in decaauts)
 A = Elapsed time spent in this place.
 B = Non-inter-level travel time spent in this place.
 C = Inter-level travel time spent in this place.
 D = Time resting spent in this place.
 E = Time spent auto-exploring this place.
 F = Levels seen in this place.
 G = Mean time per level.
                   A        B        C        D        E       F      G
               +--------+--------+--------+--------+--------+-----+--------+
         Total |  10434 |   9866 |    568 |    185 |   7722 |  15 |  695.6 |
       Dungeon |   6561 |   6083 |    478 |    143 |   4720 |  10 |  656.1 |
          Lair |   3873 |   3783 |     90 |     41 |   3001 |   5 |  774.6 |
               +--------+--------+--------+--------+--------+-----+--------+

Top non-repeatable levels by time:
  Lair:4: 1098 daAuts
     D:9: 1012 daAuts
     D:3: 973 daAuts
  Lair:2: 943 daAuts
  Lair:3: 936 daAuts
     D:5: 910 daAuts
  Lair:1: 871 daAuts
     D:1: 732 daAuts
     D:4: 726 daAuts
     D:7: 681 daAuts
     D:8: 615 daAuts
     D:6: 509 daAuts
     D:2: 388 daAuts
  Lair:5: 24 daAuts
    D:10: 11 daAuts
